 Dungeon Sprint DCSS version 0.22-a0-396-g3f858e3 (webtiles) character file.

208307 emperorscorpion the Archmage (level 16, 0/113 HPs)
             Began as a Demonspawn Wizard on May 4, 2018.
             Was the Champion of Sif Muna.
             Slain by Mennas
             ... wielding a +5 sacred scourge of holy wrath
              (3 damage)
             ... in the Dungeon (Sprint IX: "|||||||||||||||||||||||||||||").
             The game lasted 00:53:12 (4446 turns).

emperorscorpion the Archmage (Demonspawn Wizard)    Turns: 4446, Time: 00:53:13

Health: 0/113      AC: 10    Str:  8    XL:     16   Next: 84%
Magic:  5/47       EV: 21    Int: 32    God:    Sif Muna [******]
Gold:   40         SH:  7    Dex: 20    Spells: 20/69 levels left

rFire    + . .     SeeInvis .   a - staff of energy
rCold    . . .     Gourm    .   p - +1 buckler {rF+}
rNeg     . . .     Faith    .   S - +0 troll leather armour
rPois    .         Spirit   .   O - +1 helmet
rElec    .         Reflect  .   Z - +1 cloak
rCorr    .         Harm     .   (no gloves)
MR       +....     NoTele   +   (boots unavailable)
Stlth    ++........             V - amulet of regeneration
HPRegen  1.08/turn              s - +3 ring of intelligence
MPRegen  0.30/turn              X - +6 ring of dexterity

@: brilliant, glowing
A: talons 3, repulsion field 2, demonic guardian 2, nightstalker 1
}: 4/15 runes: decaying, serpentine, barnacled, gossamer
a: Divine Energy, Channel Magic, Forget Spell, Renounce Religion


You were in the Dungeon.
You worshipped Sif Muna.
Sif Muna was exalted by your worship.
You were not hungry.

You visited 1 branch You collected 1912 gold pieces.
You spent 1872 gold pieces at shops.

Inventory:

Hand Weapons
 b - a +3 scimitar of flaming
 u - a +2 halberd of protection
 T - a cursed -3 arbalest
Missiles
 q - 14 javelins of penetration
 A - 30 javelins of returning
 C - 39 javelins (quivered)
 U - 196 bolts
Armour
 p - a +1 buckler of fire resistance (worn)
 r - a +2 ring mail
 B - a +0 cloak
 E - a +2 robe of positive energy
 F - a +2 robe
 G - a +2 robe of positive energy
 O - a +1 helmet (worn)
 R - a +2 shield
 S - a +0 troll leather armour (worn)
 Z - a +1 cloak (worn)
Magical Staves
 a - an uncursed staff of energy (weapon)
Jewellery
 c - an uncursed ring of see invisible
 s - a +3 ring of intelligence (left hand)
 t - a +3 ring of dexterity
 L - an uncursed ring of protection from fire
 M - an uncursed ring of ice
 N - an uncursed ring of protection from cold
 V - an amulet of regeneration (around neck)
 W - a +6 ring of strength
 X - a +6 ring of dexterity (right hand)
 Y - a +2 ring of slaying
Wands
 m - a wand of acid (10)
 K - a wand of iceblast (4)
Scrolls
 j - 2 scrolls of blinking
 k - 6 scrolls of remove curse
 l - 2 scrolls of amnesia
 n - 2 scrolls of enchant weapon
 w - 2 scrolls of identify
 x - 8 scrolls of enchant armour
 y - 2 scrolls of fear
 z - 5 scrolls of fog
Potions
 e - 2 potions of curing
 f - 10 potions of heal wounds
 g - a potion of haste
 h - 5 potions of magic
 i - a potion of invisibility
 o - a potion of flight {unknown}
 v - a potion of brilliance
 I - a potion of might
 P - 4 potions of agility
 Q - a potion of resistance
Miscellaneous
 H - a lamp of fire (inert)
 J - a phial of floods (inert)
Comestibles
 d - 10 rations


   Skills:
 + Level 6.6 Fighting
 - Level 8.7 Long Blades
 + Level 10.6 Armour
 + Level 9.1 Dodging
 - Level 7.9 Stealth
 - Level 4.1 Shields
 O Level 27 Spellcasting
 + Level 19.4 Conjurations
 + Level 9.1 Charms
   Level 1.0 Summonings
 + Level 9.8 Necromancy
 + Level 3.9 Translocations
 + Level 23.9 Fire Magic
 - Level 3.1 Air Magic
 - Level 3.4 Poison Magic
 - Level 11.5 Invocations
 - Level 2.5 Evocations


You had 20 spell levels left.
You knew the following spells:

 Your Spells              Type           Power        Failure   Level  Hunger
a - Magic Dart            Conj           ####         0%          1    None
b - Blink                 Tloc           N/A          1%          2    None
c - Conjure Flame         Conj/Fire      ########     0%          3    None
d - Mephitic Cloud        Conj/Pois/Air  #######.     1%          3    None
e - Fireball              Conj/Fire      ########..   0%          5    None
f - Bolt of Fire          Conj/Fire      ########..   0%          6    None
g - Ignition              Fire           ########..   1%          8    None
h - Iron Shot             Conj/Erth      #######...   1%          6    None
i - Ring of Flames        Chrm/Fire      ########..   1%          7    None
j - Dispel Undead         Necr           #######.     1%          5    None
r - Regeneration          Chrm/Necr      #######...   1%          3    None


Dungeon Overview and Level Annotations

Branches:
Dungeon (1/1)

Altars:
Cheibriados
Dithmenos
Elyvilon
Fedhas
Gozag
Hepliaklqana
Kikubaaqudgha
Makhleb
Nemelex Xobeh
Okawaru
Qazlal
Ru
Sif Muna
Trog
Uskayaw
Vehumet
Wu Jian
Xom
Yredelemnul
Zin
The Shining One
Beogh
Jiyva
Lugonu

Shops:
D (*}!

Annotations:
D Mennas


Innate Abilities, Weirdness & Mutations

You have claws for feet.
You are surrounded by a moderate repulsion field. (EV +3)
A demonic guardian rushes to your aid.
You are slightly more attuned to the shadows.


Message History

Confirm with . or Enter, or press ? or * to list all spells.
Aiming: Iron Shot (safe; 1% risk of failure)
Press: ? - help, Shift-Dir - straight line, f/p - Mennas
Aim: Mennas, wielding a sacred scourge of holy wrath and wearing a large shield (heavily wounded, haloed) Mennas blocks the iron shot.
You feel yourself slow down.
Mennas hits you with a sacred scourge of holy wrath!
You convulse!
Mennas hits you with a sacred scourge of holy wrath!
You convulse!
Casting: Iron Shot (safe; 1% risk of failure)
Confirm with . or Enter, or press ? or * to list all spells.
You don't have enough magic to cast that spell.
Unknown command.
Mennas hits you with a sacred scourge of holy wrath!!
* * * LOW HITPOINT WARNING * * *
You convulse!
* * * LOW HITPOINT WARNING * * *
Mennas hits you with a sacred scourge of holy wrath.
You die...

.................................
▓▓▓▓▓▓▓▓▓▓▓▓▓▓▓▓▓▓▓▓▓▓▓▓▓▓▓▓▓▓▓▓▓
......'....................[[[.[[
▓▓▓▓▓▓▓▓▓▓▓▓▓▓▓▓▓▓▓▓▓▓▓▓▓▓▓▓▓▓▓▓▓
.................................
▓▓▓▓▓▓▓▓▓▓▓▓▓▓▓▓▓▓▓▓▓▓▓▓▓▓▓▓▓♣♣♣♣
'.............'.....))).[).)'....
▓▓▓▓▓▓▓▓▓▓▓▓▓▓▓▓▓▓▓▓▓▓▓▓▓▓▓▓▓♣♣♣♣
...............A@................
▓▓▓▓▓▓▓▓▓▓▓▓▓▓▓▓▓▓▓▓▓▓▓▓▓▓▓▓▓▓▓▓▓
[[=)))'[))†( ▓▓▓▓▓▓▓▓▓▓▓▓


You could see Mennas.

Vanquished Creatures
  Mara (D)
  Sojobo (D)
  A lich (D)
  3 Orb Guardians (D)
  3 sphinxes (D)
  Donald (D)
  Agnes (D)
  A shadow dragon (D)
  3 tengu reavers (D)
  4 nagarajas (D)
  A frost giant (D)
  2 vault wardens (D)
  2 ghost moths (D)
  An emperor scorpion (D)
  A very ugly thing (D)
  2 entropy weavers (D)
  A stone giant (D)
  A dire elephant (D)
  A vampire knight (D)
  2 ettins (D)
  5 merfolk javelineers (D)
  A mummy priest (D)
  2 merfolk impalers (D)
  Josephine (D)
  A great orb of eyes (D)
  5 yaktaur captains (D)
  Erolcha (D)
  An ice dragon (shapeshifter) (D)
  2 fire dragons (D)
  3 rakshasas (D)
  24 vault guards (D)
  3 naga warriors (D)
  Erica (D)
  9 hydras (D)
  A death knight (D)
  2 two-headed ogres (D)
  A satyr (D)
  2 merfolk avatars (D)
  2 merfolk aquamancers (D)
  4 ogre magi (D)
  A deep troll earth mage (D)
  3 orc high priests (D)
  Urug (D)
  Nergalle (D)
  3 sea snakes (D)
  A deep troll (D)
  An unseen horror (D)
  4 swamp dragons (D)
  A deep elf archer (D)
  2 wizards (D)
  A glowing orange brain (D)
  A harpy (D)
  An ugly thing (D)
  4 orc knights (D)
  A necromancer (D)
  A shambling mangrove (D)
  2 wolf spiders (D)
  An orb spider (D)
  2 mana vipers (D)
  3 orc sorcerers (D)
  2 cyclopes (D)
  A deep elf mage (D)
  2 moths of wrath (D)
  4 guardian serpents (D)
  A black mamba (shapeshifter) (D)
  3 elephants (D)
  2 naga magi (D)
  3 black mambas (D)
  2 vault sentinels (D)
  4 spiny frogs (D)
  3 demonic crawlers (D)
  6 yaktaurs (D)
  A tengu conjurer (D)
  A wind drake (D)
  A tyrant leech (D)
  2 jumping spiders (D)
  2 merfolk (D)
  A meliai (shapeshifter) (D)
  A troll (D)
  A slime creature (D)
  A bog body (D)
  2 hippogriffs (D)
  A shadow (D)
  A wraith (D)
  8 redbacks (D)
  A spriggan (D)
  A hog (shapeshifter) (D)
  A yak (D)
  A water elemental (D)
  3 vampire mosquitoes (D)
  2 nagas (D)
  2 water moccasins (D)
  10 orc warriors (D)
  A porcupine (D)
  An ice beast (D)
  A swamp drake (D)
  A tengu (shapeshifter) (D)
  2 phantoms (D)
  A centaur (D)
  A crocodile (D)
  2 bullfrogs (D)
  A gnoll shaman (D)
  2 orc priests (D)
  An orc wizard (D)
  An iguana (D)
  A shadow imp (D)
  14 orcs (D)
  A bat skeleton (D)
  A bat zombie (D)
  2 hobgoblins (D)
  A quokka (D)
  A bat (D)
  A leopard gecko skeleton (D)
  2 rats (D)
255 creatures vanquished.

Vanquished Creatures (collateral kills)
  A quicksilver dragon (D)
  A deep elf blademaster (D)
  2 nagarajas (D)
  A frost giant (D)
  A very ugly thing (D)
  A dire elephant (D)
  A vault guard (D)
  A sea snake (D)
  An ironbrand convoker (D)
  An orc knight (D)
  An ugly thing (D)
  4 elephants (D)
  A black mamba (D)
  4 spiny frogs (D)
  A yaktaur (D)
  A hippogriff (D)
  2 wraiths (D)
  A porcupine (D)
  An orc warrior (D)
  A crocodile (D)
  A bullfrog (D)
  A jelly (D)
  An iguana (D)
  An orc wizard (D)
  A hell rat (D)
33 creatures vanquished.

Vanquished Creatures (others)
  Ilsuiw (D)
1 creature vanquished.

Grand Total: 289 creatures vanquished

Notes
Turn   | Place    | Note
-------+----------+-------------------------------------------
     0 | D        | emperorscorpion the Demonspawn Wizard began the quest for the Orb.
     0 | D        | Reached XP level 1. HP: 13/13 MP: 4/4
    40 | D        | Reached skill level 4 in Spellcasting
   328 | D        | Noticed an iguana
   328 | D        | Noticed an ice beast
   328 | D        | Noticed a gnoll shaman
   346 | D        | Killed a gnoll shaman
   346 | D        | Reached skill level 5 in Spellcasting
   346 | D        | Gained mutation: You are surrounded by a mild repulsion field. (EV +2) [demonic ancestry]
   346 | D        | Reached XP level 2. HP: 11/19 MP: 4/8
   346 | D        | Gained mutation: You have sharp toenails. [demonic ancestry]
   346 | D        | Reached XP level 3. HP: 14/24 MP: 5/10
   354 | D        | Killed an ice beast
   354 | D        | Reached skill level 7 in Spellcasting
   354 | D        | Reached XP level 4. HP: 13/30 MP: 6/13
   364 | D        | Reached skill level 8 in Spellcasting
   379 | D        | Learned a level 2 spell: Blink
   383 | D        | Learned a level 3 spell: Conjure Flame
   387 | D        | Learned a level 3 spell: Mephitic Cloud
   638 | D        | Gained mutation: A weak demonic guardian rushes to your aid. [demonic ancestry]
   638 | D        | Reached XP level 5. HP: 35/35 MP: 0/16
   653 | D        | Found a roughly hewn altar of Beogh.
   653 | D        | Found a snail-covered altar of Cheibriados.
   653 | D        | Found a shadowy altar of Dithmenos.
   653 | D        | Found a white marble altar of Elyvilon.
   653 | D        | Found a blossoming altar of Fedhas.
   653 | D        | Found an opulent altar of Gozag.
   654 | D        | Found a hazy altar of Hepliaklqana.
   655 | D        | Found a viscous altar of Jiyva.
   656 | D        | Found an ancient bone altar of Kikubaaqudgha.
   657 | D        | Found a corrupted altar of Lugonu.
   658 | D        | Found a burning altar of Makhleb.
   659 | D        | Found a sparkling altar of Nemelex Xobeh.
   660 | D        | Found an iron altar of Okawaru.
   661 | D        | Found a stormy altar of Qazlal.
   662 | D        | Found a sacrificial altar of Ru.
   663 | D        | Found a deep blue altar of Sif Muna.
   664 | D        | Found a bloodstained altar of Trog.
   665 | D        | Found a hide-covered altar of Uskayaw.
   666 | D        | Found a radiant altar of Vehumet.
   667 | D        | Found an ornate altar of the Wu Jian Council.
   668 | D        | Found a shimmering altar of Xom.
   669 | D        | Found a basalt altar of Yredelemnul.
   670 | D        | Found a glowing silver altar of Zin.
   671 | D        | Became a worshipper of Sif Muna the Loreminder
   672 | D        | Found a glowing golden altar of the Shining One.
   725 | D        | Noticed a phantom
   725 | D        | Noticed an orc warrior
   725 | D        | Noticed a centaur
   735 | D        | Reached skill level 1 in Translocations
  1001 | D        | Killed a centaur
  1001 | D        | Reached * piety under Sif Muna
  1001 | D        | Reached skill level 1 in Long Blades
  1001 | D        | Reached skill level 5 in Dodging
  1001 | D        | Reached skill level 9 in Spellcasting
  1013 | D        | Killed an orc warrior
  1013 | D        | Reached skill level 1 in Fighting
  1013 | D        | Reached skill level 1 in Air Magic
  1013 | D        | Reached skill level 1 in Poison Magic
  1013 | D        | Reached XP level 6. HP: 43/43 MP: 13/18
  1053 | D        | Reached ** piety under Sif Muna
  1053 | D        | Reached skill level 1 in Evocations
  1113 | D        | Noticed a troll
  1113 | D        | Noticed a tengu conjurer
  1117 | D        | Killed a tengu conjurer
  1117 | D        | Reached skill level 10 in Spellcasting
  1117 | D        | Gained mutation: You are surrounded by a moderate repulsion field. (EV +3) [demonic ancestry]
  1117 | D        | Reached XP level 7. HP: 51/51 MP: 11/20
  1124 | D        | Killed a troll
  1124 | D        | Reached *** piety under Sif Muna
  1124 | D        | Reached skill level 5 in Stealth
  1124 | D        | Reached skill level 1 in Fire Magic
  1128 | D        | Reached skill level 5 in Long Blades
  1128 | D        | Reached skill level 5 in Conjurations
  1264 | D        | Noticed a spiny frog
  1264 | D        | Noticed a yak
  1264 | D        | Noticed a hippogriff
  1267 | D        | Reached XP level 8. HP: 56/58 MP: 18/22
  1268 | D        | Noticed a spiny frog
  1275 | D        | Killed a hippogriff
  1278 | D        | Noticed a spiny frog
  1278 | D        | Reached **** piety under Sif Muna
  1278 | D        | Reached skill level 11 in Spellcasting
  1280 | D        | Noticed a spiny frog
  1294 | D        | Killed a spiny frog
  1300 | D        | Killed a spiny frog
  1300 | D        | Reached ***** piety under Sif Muna
  1300 | D        | Gained mutation: A demonic guardian rushes to your aid. [demonic ancestry]
  1300 | D        | Reached XP level 9. HP: 31/65 MP: 2/24
  1320 | D        | Killed a spiny frog
  1321 | D        | Killed a spiny frog
  1321 | D        | Received a gift from Sif Muna
  1321 | D        | Reached skill level 12 in Spellcasting
  1329 | D        | Learned a level 5 spell: Fireball
  1548 | D        | Noticed a spiny frog
  1548 | D        | Noticed a black mamba
  1550 | D        | Noticed an elephant
  1571 | D        | Killed a black mamba
  1576 | D        | Killed a spiny frog
  1588 | D        | Killed an elephant
  1612 | D        | Noticed an elephant
  1612 | D        | Noticed an elephant
  1612 | D        | Noticed an elephant
  1612 | D        | Noticed an elephant
  1612 | D        | Noticed an elephant
  1612 | D        | Noticed a dire elephant
  1624 | D        | Noticed a dire elephant
  1632 | D        | Killed a dire elephant
  1632 | D        | Reached skill level 5 in Fighting
  1632 | D        | Reached XP level 10. HP: 74/74 MP: 9/26
  1636 | D        | Killed an elephant
  1636 | D        | Received a gift from Sif Muna
  1637 | D        | Killed an elephant
  1637 | D        | Reached skill level 13 in Spellcasting
  1637 | D        | Reached skill level 5 in Fire Magic
  1656 | D        | Killed a dire elephant
  1656 | D        | Reached skill level 5 in Invocations
  1660 | D        | Killed an elephant
  1665 | D        | Killed an elephant
  1670 | D        | Killed an elephant
  1706 | D        | Noticed an elephant
  1712 | D        | Killed an elephant
  1760 | D        | Noticed Erolcha
  1765 | D        | Killed Erolcha
  1765 | D        | Identified Sif Muna's Handbook of Arcane Weapons (Sif Muna gifted it to you in the Dungeon)
  1765 | D        | Received a gift from Sif Muna
  1788 | D        | Noticed Urug
  1814 | D        | Killed Urug
  1833 | D        | Noticed Erica
  1856 | D        | Killed Erica
  1856 | D        | Reached skill level 10 in Fire Magic
  1856 | D        | Reached XP level 11. HP: 80/80 MP: 0/28
  2109 | D        | Learned a level 6 spell: Bolt of Fire
  2140 | D        | Identified Sif Muna's Incunabulum of Attacks (Sif Muna gifted it to you in the Dungeon)
  2140 | D        | Received a gift from Sif Muna
  2211 | D        | Noticed an orc sorcerer
  2211 | D        | Noticed an orc knight
  2215 | D        | Killed an orc knight
  2219 | D        | Killed an orc sorcerer
  2229 | D        | Noticed an orc knight
  2235 | D        | Killed an orc knight
  2235 | D        | Identified Sif Muna's Sophisticated Spellcasting (Sif Muna gifted it to you in the Dungeon)
  2235 | D        | Received a gift from Sif Muna
  2300 | D        | Reached skill level 14 in Spellcasting
  2372 | D        | Found Ufukloschu's Distillery.
  2372 | D        | Noticed an orc high priest
  2372 | D        | Noticed an orc sorcerer
  2373 | D        | Killed an orc sorcerer
  2373 | D        | Reached ****** piety under Sif Muna
  2374 | D        | Noticed an orc knight
  2377 | D        | Noticed an orc high priest
  2377 | D        | Killed an orc high priest
  2377 | D        | Reached skill level 10 in Conjurations
  2379 | D        | Noticed a sun demon
  2379 | D        | Found Taevi's Gadget Shop.
  2381 | D        | Killed an orc knight
  2381 | D        | Identified Sif Muna's Collected Works on the Ensnaring Glacier (Sif Muna gifted it to you in the Dungeon)
  2381 | D        | Received a gift from Sif Muna
  2383 | D        | Killed an orc high priest
  2401 | D        | Noticed an orc high priest
  2406 | D        | Killed an orc high priest
  2409 | D        | Found Ceocergh's Assorted Antiques.
  2418 | D        | Found Haeg's Weapon Shop.
  2424 | D        | Noticed an orc knight
  2425 | D        | Noticed an orc sorcerer
  2430 | D        | Bought a lamp of fire for 560 gold pieces
  2434 | D        | Killed an orc sorcerer
  2434 | D        | Killed an orc knight
  2440 | D        | Bought a glowing cyan potion for 24 gold pieces
  2440 | D        | Bought a scroll of fog for 54 gold pieces
  2440 | D        | Bought a phial of floods for 1080 gold pieces
  2458 | D        | Bought a wand of iceblast (7) for 154 gold pieces
  2505 | D        | Noticed Josephine
  2508 | D        | Received a gift from Sif Muna
  2510 | D        | Killed Josephine
  2521 | D        | Learned a level 8 spell: Ignition
  2624 | D        | Noticed a four-headed hydra
  2624 | D        | Noticed a two-headed ogre
  2624 | D        | Noticed a white ugly thing
  2626 | D        | Reached skill level 15 in Spellcasting
  2626 | D        | Killed a white ugly thing
  2627 | D        | Killed a two-headed ogre
  2627 | D        | Identified Sif Muna's Grimoire of Orientation and Companions (Sif Muna gifted it to you in the Dungeon)
  2627 | D        | Received a gift from Sif Muna
  2627 | D        | Gained mutation: You have razor-sharp toenails. [demonic ancestry]
  2627 | D        | Reached XP level 12. HP: 86/86 MP: 23/31
  2628 | D        | Noticed a two-headed ogre
  2628 | D        | Killed a four-headed hydra
  2632 | D        | Killed a two-headed ogre
  2636 | D        | Noticed an ettin
  2636 | D        | Noticed a deep troll earth mage
  2640 | D        | Killed a deep troll earth mage
  2641 | D        | Killed an ettin
  2645 | D        | Noticed a great orb of eyes
  2646 | D        | Noticed an ogre mage
  2647 | D        | Identified Sif Muna's Papyrus of Creative Hexes (Sif Muna gifted it to you in the Dungeon)
  2647 | D        | Received a gift from Sif Muna
  2650 | D        | Killed a great orb of eyes
  2650 | D        | Reached skill level 15 in Fire Magic
  2650 | D        | Killed an ogre mage
  2650 | D        | Reached skill level 16 in Spellcasting
  2652 | D        | Noticed a fire dragon
  2668 | D        | Learned a level 6 spell: Iron Shot
  2694 | D        | Killed a fire dragon
  2779 | D        | Noticed Donald
  2784 | D        | Killed Donald
  2784 | D        | Identified Sif Muna's Guide on the Hurtful Oath (Sif Muna gifted it to you in the Dungeon)
  2784 | D        | Received a gift from Sif Muna
  2850 | D        | Noticed an entropy weaver
  2860 | D        | Killed an entropy weaver
  2860 | D        | Received a gift from Sif Muna
  2860 | D        | Reached skill level 17 in Spellcasting
  2902 | D        | Reached skill level 1 in Armour
  2907 | D        | Noticed a white very ugly thing
  2912 | D        | Reached XP level 13. HP: 91/91 MP: 1/34
  2919 | D        | Killed a white very ugly thing
  2919 | D        | Identified Sif Muna's Incunabulum of the Snowflakes and Contamination (Sif Muna gifted it to you in the Dungeon)
  2919 | D        | Received a gift from Sif Muna
  2950 | D        | Identified Sif Muna's Handbook of Flying Clay (Sif Muna gifted it to you in the Dungeon)
  2950 | D        | Received a gift from Sif Muna
  2965 | D        | Noticed a merfolk impaler
  2970 | D        | Reached skill level 5 in Armour
  2982 | D        | Killed a merfolk impaler
  2982 | D        | Reached skill level 15 in Conjurations
  3011 | D        | Learned a level 7 spell: Ring of Flames
  3017 | D        | Learned a level 5 spell: Dispel Undead
  3056 | D        | Noticed Nergalle
  3060 | D        | Killed Nergalle
  3060 | D        | Identified Sif Muna's Incunabulum of Hexes and Contamination (Sif Muna gifted it to you in the Dungeon)
  3060 | D        | Received a gift from Sif Muna
  3060 | D        | Reached skill level 1 in Necromancy
  3145 | D        | Noticed a stone giant
  3146 | D        | Noticed a lich
  3148 | D        | Reached skill level 18 in Spellcasting
  3148 | D        | Reached skill level 1 in Charms
  3148 | D        | Noticed a fire dragon
  3148 | D        | a wolf spider changed into a fire dragon
  3149 | D        | a fire dragon changed into a queen ant
  3150 | D        | Noticed an Executioner
  3150 | D        | Killed a lich
  3151 | D        | Killed a stone giant
  3151 | D        | Identified Sif Muna's Papyrus of Displacement (Sif Muna gifted it to you in the Dungeon)
  3151 | D        | Received a gift from Sif Muna
  3155 | D        | Noticed a frost giant
  3157 | D        | Noticed a frost giant
  3158 | D        | Noticed a fire dragon
  3159 | D        | Killed a frost giant
  3160 | D        | Killed a frost giant
  3163 | D        | Noticed a tengu reaver
  3165 | D        | Noticed a red very ugly thing
  3169 | D        | Killed a fire dragon
  3169 | D        | Reached skill level 5 in Necromancy
  3173 | D        | Killed a tengu reaver
  3173 | D        | Identified Fuirr's Handbook of Confrontation (Sif Muna gifted it to you in the Dungeon)
  3173 | D        | Received a gift from Sif Muna
  3173 | D        | Reached skill level 19 in Spellcasting
  3173 | D        | Reached skill level 10 in Invocations
  3173 | D        | Gained mutation: You have claws for feet. [demonic ancestry]
  3173 | D        | Reached XP level 14. HP: 14/98 MP: 13/37
  3186 | D        | Killed a red very ugly thing
  3314 | D        | Reached skill level 5 in Charms
  3314 | D        | Identified Sif Muna's Guide on Hurtful Transmigration (Sif Muna gifted it to you in the Dungeon)
  3314 | D        | Received a gift from Sif Muna
  3334 | D        | Noticed a vault warden
  3335 | D        | Identified Sif Muna's Papyrus of Attacks (Sif Muna gifted it to you in the Dungeon)
  3335 | D        | Received a gift from Sif Muna
  3336 | D        | Killed a vault warden
  3336 | D        | Reached skill level 20 in Spellcasting
  3384 | D        | Identified Sif Muna's Compendium of Stones and Dark Secrets (Sif Muna gifted it to you in the Dungeon)
  3384 | D        | Received a gift from Sif Muna
  3390 | D        | Learned a level 3 spell: Regeneration
  3458 | D        | Noticed Mara
  3471 | D        | Noticed emperorscorpion's illusion
  3471 | D        | Killed Mara
  3614 | D        | Noticed Agnes
  3614 | D        | Noticed a tengu reaver
  3615 | D        | Noticed Sojobo
  3617 | D        | Noticed a tengu reaver
  3619 | D        | Killed Agnes
  3619 | D        | Received a gift from Sif Muna
  3619 | D        | Reached skill level 21 in Spellcasting
  3619 | D        | Killed Sojobo
  3620 | D        | Killed a tengu reaver
  3620 | D        | Identified Sif Muna's Papyrus of Venomous Arcane Weapons (Sif Muna gifted it to you in the Dungeon)
  3620 | D        | Received a gift from Sif Muna
  3624 | D        | Killed a tengu reaver
  3624 | D        | Reached skill level 22 in Spellcasting
  3624 | D        | Reached XP level 15. HP: 103/103 MP: 2/41
  3713 | D        | Reached skill level 1 in Shields
  3713 | D        | Received a gift from Sif Muna
  3720 | D        | Noticed Ilsuiw
  3727 | D        | Killed Ilsuiw
  3727 | D        | HP: 3/103 [merfolk javelineer/javelin of penetration (21)]
  3729 | D        | Identified Sif Muna's Papyrus of Unstable Evil (Sif Muna gifted it to you in the Dungeon)
  3729 | D        | Received a gift from Sif Muna
  3729 | D        | Reached skill level 23 in Spellcasting
  3777 | D        | Got a barnacled rune of Zot
  3807 | D        | Received a gift from Sif Muna
  3825 | D        | Identified Sif Muna's Incunabulum of the Voyage and Curses (Sif Muna gifted it to you in the Dungeon)
  3825 | D        | Received a gift from Sif Muna
  3832 | D        | Got a decaying rune of Zot
  3840 | D        | Noticed a nagaraja
  3840 | D        | Noticed a nagaraja
  3842 | D        | Killed a nagaraja
  3842 | D        | Reached skill level 24 in Spellcasting
  3843 | D        | Noticed a nagaraja
  3845 | D        | Killed a nagaraja
  3846 | D        | Noticed a nagaraja
  3848 | D        | Killed a nagaraja
  3848 | D        | Received a gift from Sif Muna
  3849 | D        | Noticed a nagaraja
  3853 | D        | Killed a nagaraja
  3854 | D        | Killed a nagaraja
  3870 | D        | Noticed a nagaraja
  3879 | D        | Killed a nagaraja
  3879 | D        | Identified Sif Muna's Collected Works on Lightness and the Glacier (Sif Muna gifted it to you in the Dungeon)
  3879 | D        | Received a gift from Sif Muna
  3884 | D        | Got a serpentine rune of Zot
  3896 | D        | Reached skill level 25 in Spellcasting
  3896 | D        | Killed a ghost moth
  3901 | D        | Killed a ghost moth
  3901 | D        | Identified Sif Muna's Papyrus of Hurtful Orientation (Sif Muna gifted it to you in the Dungeon)
  3901 | D        | Received a gift from Sif Muna
  3944 | D        | Got a gossamer rune of Zot
  4036 | D        | Identified Sif Muna's Compendium of Earthen Flames (Sif Muna gifted it to you in the Dungeon)
  4036 | D        | Received a gift from Sif Muna
  4037 | D        | Gained mutation: You are slightly more attuned to the shadows. [demonic ancestry]
  4037 | D        | Reached XP level 16. HP: 110/110 MP: 36/45
  4038 | D        | Reached skill level 26 in Spellcasting
  4050 | D        | Identified Sif Muna's Tome of Excruciating Sinister Rites (Sif Muna gifted it to you in the Dungeon)
  4050 | D        | Received a gift from Sif Muna
  4068 | D        | Identified Sif Muna's Compendium of the Twisted Entourage (Sif Muna gifted it to you in the Dungeon)
  4068 | D        | Received a gift from Sif Muna
  4086 | D        | Identified Sif Muna's Volume of Feathery Black Rites (Sif Muna gifted it to you in the Dungeon)
  4086 | D        | Received a gift from Sif Muna
  4086 | D        | Reached skill level 27 in Spellcasting
  4117 | D        | Noticed a sphinx
  4118 | D        | Noticed a quicksilver dragon
  4120 | D        | Reached skill level 10 in Armour
  4121 | D        | Received a gift from Sif Muna
  4121 | D        | Killed a sphinx
  4121 | D        | Killed a quicksilver dragon
  4188 | D        | Identified Sif Muna's Guide on Feathers and Transmigration (Sif Muna gifted it to you in the Dungeon)
  4188 | D        | Received a gift from Sif Muna
  4191 | D        | Noticed a shadow dragon
  4199 | D        | Killed a shadow dragon
  4215 | D        | Noticed an Orb Guardian
  4215 | D        | Noticed a sphinx
  4217 | D        | Killed a sphinx
  4220 | D        | Killed an Orb Guardian
  4220 | D        | Received a gift from Sif Muna
  4233 | D        | Noticed an Orb Guardian
  4233 | D        | Noticed a sphinx
  4235 | D        | Killed a sphinx
  4240 | D        | Killed an Orb Guardian
  4248 | D        | Noticed a deep elf blademaster
  4261 | D        | Killed a deep elf blademaster
  4261 | D        | Identified Sif Muna's Incunabulum of Darkness (Sif Muna gifted it to you in the Dungeon)
  4261 | D        | Received a gift from Sif Muna
  4271 | D        | Noticed an Orb Guardian
  4277 | D        | Noticed Mennas
  4295 | D        | Killed an Orb Guardian
  4446 | D        | HP: 3/113 [Mennas/sacred scourge of holy wrath (11)]
  4446 | D        | Slain by Mennas

Vault maps used:
D:        linesprint

Skill      XL: |  1  2  3  4  5  6  7  8  9 10 11 12 13 14 15 16 |
---------------+-------------------------------------------------+-----
Dodging        | 2 4 5 6 7 8 9 |  9.1
Spellcasting   | 5 7 8 9 10 11 12 13 15 17 19 22 25 27 | 27.0
Stealth        | 2 3 4 5 7 |  7.9
Conjurations   | 2 3 4 5 6 7 8 11 14 15 16 17 19 | 19.4
Translocations | 1 2 3 |  3.9
Long Blades    | 2 3 5 7 8 |  8.7
Fighting       | 1 2 3 4 5 6 |  6.6
Air Magic      | 1 2 3 |  3.1
Poison Magic   | 1 2 3 |  3.4
Evocations     | 1 2 |  2.5
Fire Magic     | 1 4 10 14 16 17 18 20 23 | 23.9
Invocations    | 3 6 10 11 | 11.5
Armour         | 2 7 9 10 | 10.6
Necromancy     | 5 8 9 |  9.8
Charms         | 4 7 9 |  9.1
Shields        | 4 |  4.1
Summonings     | |  1.0

Action                   |  1- 3 |  4- 6 |  7- 9 | 10-12 | 13-15 | 16-18 || total
-------------------------+-------+-------+-------+-------+-------+-------++-------
Melee: Unarmed           |    44 |     2 |       |       |       |       ||    46
       Kick              |     2 |       |       |       |     1 |       ||     3
       Scimitar          |       |    20 |    20 |     4 |       |       ||    44
       Staff             |       |       |       |       |     1 |       ||     1
Throw: Javelin           |       |       |       |     3 |     1 |       ||     4
 Cast: Magic Dart        |     7 |    15 |    27 |    17 |     3 |       ||    69
       Mephitic Cloud    |       |     5 |     4 |     2 |       |       ||    11
       Blink             |       |     5 |     6 |     4 |     1 |    10 ||    26
       Conjure Flame     |       |       |     5 |       |       |       ||     5
       Fireball          |       |       |     5 |    28 |     2 |       ||    35
       Bolt of Fire      |       |       |       |    36 |    45 |    38 ||   119
       Iron Shot         |       |       |       |     4 |    25 |    36 ||    65
       Ignition          |       |       |       |     1 |    33 |    10 ||    44
       Regeneration      |       |       |       |       |     5 |     5 ||    10
Invok: Channel Magic     |       |       |     2 |     5 |    17 |    14 ||    38
Evoke: Staff of energy   |       |     2 |     1 |    62 |    37 |     7 ||   109
       Lamp of fire      |       |       |       |     8 |    17 |     5 ||    30
       Wand              |       |       |       |       |       |     3 ||     3
       Phial of floods   |       |       |       |       |       |     1 ||     1
  Use: Potion            |     1 |       |     1 |       |     2 |    10 ||    14
       Scroll            |       |       |       |       |     1 |     2 ||     3
 Stab: Confused          |       |     2 |     1 |       |       |       ||     3
  Eat: Chunk             |       |     1 |     1 |    10 |    10 |     4 ||    26
       Ration            |       |       |       |       |       |     1 ||     1
Armor: Robe              |     6 |     2 |     4 |     2 |       |       ||    14
       Troll leather arm |       |       |       |       |     6 |     3 ||     9
Dodge: Dodged            |    35 |    22 |    13 |    22 |    31 |    12 ||   135
Block: Buckler           |       |       |       |       |     5 |     4 ||     9
       Rpst.: Scimitar   |       |     4 |     2 |     1 |       |       ||     7

Table legend:
 A = Spawn XP
 B = Non-spawn XP
 C = Spawn XP percentage of total XP
 D = Spawn monster count
 E = Non-spawn monster count
 F = Spawn count percentage of total count
 G = Total turns spent on level
                    A         B        C        D         E        F      G
               +---------+---------+-------+---------+---------+-------+---------
         Total |       0 |  206154 |   0.0 |       0 |     289 |   0.0 |  4446
               +---------+---------+-------+---------+---------+-------+---------
             D |       0 |  206154 |   0.0 |       0 |     289 |   0.0 |  4446
               +---------+---------+-------+---------+---------+-------+---------
